 Dungeon Crawl Stone Soup version 0.20-a0-899-g09a9bfb (webtiles) character file.

75 mrpyro the Insei (level 4, 0/28 HPs)
             Began as an Octopode Transmuter on Mar 19, 2017.
             Succumbed to an adder's poison
             ... on level 2 of the Dungeon.
             The game lasted 00:04:20 (1273 turns).

mrpyro the Insei (Octopode Transmuter)              Turns: 1273, Time: 00:04:21

Health: 0/28       AC:  1    Str:  9    XL:     4   Next: 31%
Magic:  7/7        EV: 13    Int: 15    God:
Gold:   85         SH:  0    Dex: 13    Spells: 3/7 levels left

rFire    + . .     SeeInvis .     - Unarmed
rCold    + . .     Gourm    .   (no shield)
rNeg     . . .     Faith    .   (helmet restricted)
rPois    +         Spirit   .   (no amulet)
rElec    +         Reflect  .   h - ring of stealth
rCorr    +         Harm     .   n - ring of loudness (curse)
MR       .....                  (no ring)
Stlth    ++........             (no ring)
Regen    0.1/turn               (no ring)
MPRegen  0.1/turn               (no ring)
                                (no ring)
                                (no ring)

@: lethally poisoned (0 -> -8), exhausted, resistant, flying, slowed, very slow
A: almost no armour, stealthy swim, amphibious, 8 rings, constrict 8, camouflage
1, gelatinous body 1
a: no special abilities


You were on level 2 of the Dungeon.
You were hungry.

You visited 1 branch of the dungeon, and saw 2 of its levels.

You collected 85 gold pieces.

Inventory:

Missiles
 a - 29 arrows
 s - 4 javelins (quivered)
Jewellery
 h - a ring of stealth (left tentacle)
 n - a cursed ring of loudness (right tentacle)
 o - a +4 amulet of reflection {unknown}
Scrolls
 d - a scroll of identify {unknown}
 e - 2 scrolls of amnesia {unknown}
 g - 2 scrolls of recharging {unknown}
 i - a scroll of enchant armour {unknown}
 j - 3 scrolls of remove curse {unknown}
 t - a scroll of fear {unknown}
Books
 b - a book of Changes

   Spells                             Type                      Level
   a - Beastly Appendage              Transmutation                1
   b - Sticks to Snakes               Transmutation                2
   c - Spider Form                    Transmutation/Poison         3
   d - Ice Form                       Ice/Transmutation            4
   e - Blade Hands                    Transmutation                5
Comestibles
 c - a bread ration
 k - a royal jelly
 l - 4 fruits


   Skills:
 - Level 1.0 Fighting
 - Level 2.0 Dodging
 - Level 4.1 Unarmed Combat
 - Level 2.0 Spellcasting
 - Level 2.0 Transmutations
 + Level 3.1 Poison Magic


You had 3 spell levels left.
You knew the following spells:

 Your Spells              Type           Power        Failure   Level  Hunger
a - Beastly Appendage     Tmut           #.....       12%         1    #......
c - Spider Form           Tmut/Pois      #.........   24%         3    ###....


Dungeon Overview and Level Annotations

Branches:
Dungeon (2/15)

Altars:


Innate Abilities, Weirdness & Mutations

You cannot wear most types of armour.
You are very stealthy in the water. (Stealth+)
You are amphibious.
You can wear up to eight rings at the same time.
You can use your tentacles to constrict eight enemies at once.
Your skin changes colour to match your surroundings (Stealth+).
Your rubbery body absorbs attacks. (AC +1, EV +1)


Message History

* * * LOW HITPOINT WARNING * * *
You feel sick.
Unknown command.
You are too berserk!
You are too berserk!
You feel a strong urge to attack something.
* * * LOW HITPOINT WARNING * * *
You feel sick.
You feel your anger subside.
You are no longer berserk.
You are exhausted.
You feel yourself slow down.
* * * LOW HITPOINT WARNING * * *
You feel sick.
It was a potion of resistance.
You feel protected.
* * * LOW HITPOINT WARNING * * *
You feel sick.
* * * LOW HITPOINT WARNING * * *
You feel sick.
You die...

#.####### #.# . ##########.#
.. #.......##.###
....#########.........[..#
...)....(.##............#
...........'............#
..........##............#
..........##@...........#####
.......#####.######.........#
.####....# #.# ###.#####.#
#.##.# #.# #.# #.# #.##.###.#
#.# #.# # #.#......# #.# #.#
#.####.#..############.# #.#
#....................).# #..
#######...############## ###


There were no monsters in sight!

Vanquished Creatures
  Jessica (D:2)
  2 adders (D:2)
  3 leopard geckos
  A giant cockroach (D:1)
  2 goblins (D:1)
  3 hobgoblins (D:1)
  4 jackals (D:1)
  A quokka (D:1)
  2 bats (D:1)
  A frilled lizard (D:2)
  7 kobolds
  2 rats (D:1)
29 creatures vanquished.

Notes
Turn   | Place    | Note
-------+----------+-------------------------------------------
     0 | D:1      | mrpyro the Octopode Transmuter began the quest for the Orb.
     0 | D:1      | Reached XP level 1. HP: 13/13 MP: 3/3
   263 | D:1      | Reached XP level 2. HP: 13/18 MP: 5/5
   692 | D:1      | Reached skill level 4 in Unarmed Combat
   770 | D:1      | Reached XP level 3. HP: 23/23 MP: 6/6
   910 | D:2      | Noticed Jessica
   920 | D:2      | Learned a level 3 spell: Spider Form
   980 | D:2      | Killed Jessica
  1256 | D:2      | Reached XP level 4. HP: 27/28 MP: 5/7
  1272 | D:2      | HP: 1/28 [poisoned by an adder]
  1273 | D:2      | Succumbed to an adder's poison

Vault maps used:
D:1:      onia_arrival_pyramid, minivault_26, minmay_tripent
D:2:      minmay_kobold_bridge, uniq_jessica

Skill      XL: |  1  2  3  4 |
---------------+-------------+-----
Unarmed Combat | 4 |  4.1
Poison Magic   | 2 3 |  3.1
Fighting       | |  1.0
Dodging        | |  2.0
Spellcasting   | |  2.0
Transmutations | |  2.0

Action                   |  1- 3 |  4- 6 || total
-------------------------+-------+-------++-------
Melee: Unarmed           |    76 |     7 ||    83
       Constrict         |    18 |     1 ||    19
       Tentacles         |    16 |       ||    16
       Kick              |    10 |     1 ||    11
       Punch             |     1 |       ||     1
 Cast: Beastly Appendage |    11 |       ||    11
       Spider Form       |     1 |       ||     1
  Use: Potion            |     1 |     5 ||     6
 Stab: Sleeping          |     2 |       ||     2
  Eat: Chunk             |     1 |       ||     1
Armor: Skin              |     7 |       ||     7
Dodge: Dodged            |    49 |     1 ||    50
